 Dungeon Crawl Stone Soup version 0.31-a0-1620-gcbf77bbcfc (webtiles) character file.

Game seed: 9997396156152644440

240742 Amplified the Peltast (level 19, -19/111 HPs)
             Began as a Vine Stalker Fighter on Jan 11, 2024.
             Was a Priest of the Shining One.
             Demolished by a vault warden
             ... wielding a +3 great sword of distortion
              (21 damage)
             ... on level 3 of the Vaults.
             The game lasted 01:19:55 (24506 turns).

Amplified the Peltast (Vine Stalker Fighter)       Turns: 24506, Time: 01:19:56

Health: -19/111    AC: 24    Str: 25    XL:     19   Next: 18%
Magic:  0/29       EV:  7    Int:  9    God:    the Shining One [***...]
Gold:   1249       SH: 18    Dex: 16    Spells: 16/18 levels left

rFire   + + +        N - +10 hand axe "Qifa" {flame, rF+ Int+2 Dex+2}
rCold   + . .        r - +3 kite shield {AC+3}
rNeg    + . .        F - +2 plate armour {rF+}
rPois   +            (no helmet)
rElec   +            C - scarf {rC+ rF+}
rCorr   +            p - +2 pair of gloves "Foheacea" {rElec rCorr Int-3 Slay+4}
SInv    .            J - +2 pair of boots
Will    ++...        v - amulet of the acrobat Stlth
                     o - ring of poison resistance
HPRegen 1.18/turn    Q - ring of protection from fire
MPRegen 0.21/turn

%: acrobat, guardian spirit
@: mighty, silenced (expiring), glowing
A: fangs 3, regeneration 1, magic shield, antimagic bite, no potion heal 2
}: 1/15 runes: serpentine
a: Renounce Religion


You were on level 3 of the Vaults.
You worshipped the Shining One.
The Shining One was most pleased with you.
You visited 6 branches of the dungeon, and saw 30 of its levels.
You visited the Abyss 1 time.
You also visited: Bailey.

You collected 3515 gold pieces.
You spent 2266 gold pieces at shops.

Inventory:

Hand Weapons
 a - a +6 heavy war axe
 b - a +4 heavy broad axe
 t - a +0 broad axe
 H - a +5 eveningstar
 N - the +10 hand axe "Qifa" (weapon) {flame, rF+ Int+2 Dex+2}
   (You found it on level 3 of the Lair of Beasts)

   Int+2:     It affects your intelligence (+2).
   Dex+2:     It affects your dexterity (+2).
   rF+:       It protects you from fire.
Missiles
 f - a curare-tipped dart (quivered)
 G - 38 poisoned darts
Armour
 p - the +2 pair of gloves "Foheacea" (worn) {rElec rCorr Int-3 Slay+4}
   (You bought it in a shop on level 1 of the Dungeon)

   Int-3:     It affects your intelligence (-3).
   Slay+4:    It affects your accuracy & damage with ranged weapons and melee
   (+4).
   rElec:     It insulates you from electricity.
   rCorr:     It protects you from acid and corrosion.
 r - a +3 kite shield of protection (worn)
 C - a scarf of resistance (worn)
 F - a +2 plate armour of fire resistance (worn)
 J - a +2 pair of boots (worn)
 V - +2 shadow dragon scales
Jewellery
 o - a ring of poison resistance (left hand)
 v - an amulet of the acrobat (around neck)
 w - a ring of see invisible
 M - a ring of wizardry
 O - a ring of fire
 P - a ring of wizardry
 Q - a ring of protection from fire (right hand)
 S - a +6 ring of strength
 U - an amulet of faith
 X - a ring of protection from fire
Talismans
 j - a beast talisman
 l - a serpent talisman
Wands
 u - a wand of flame (25)
 y - a wand of polymorph (17)
 A - a wand of roots (15)
 D - a wand of paralysis (9)
Scrolls
 c - 3 scrolls of immolation
 d - 8 scrolls of vulnerability
 k - 10 scrolls of identify
 s - 2 scrolls of noise
 z - 2 scrolls of poison
 B - 4 scrolls of fear
 E - 4 scrolls of amnesia
 K - a scroll of acquirement
 T - 2 scrolls of summoning
 Y - 3 scrolls of enchant weapon
Potions
 e - 8 potions of mutation
 g - 3 potions of heal wounds
 h - 5 potions of attraction
 m - 4 potions of brilliance
 n - 3 potions of enlightenment
 q - 7 potions of curing
 x - 4 potions of lignification
 L - 2 potions of ambrosia
Miscellaneous
 i - a phantom mirror


   Skills:
 * Level 16.5 Fighting
 - Level 16.3 Axes
 * Level 6.7 Armour
 * Level 2.0 Dodging
 - Level 17.4 Shields
 * Level 13.1 Invocations


You had 16 spell levels left.
You knew the following spells:

 Your Spells              Type           Power      Damage    Failure   Level
a - Lesser Beckoning      Tloc           0%         N/A       100%        2

Your spell library contained the following spells:

 Spells                   Type           Power      Damage    Failure   Level
 Apportation              Tloc           0%         N/A       100%        1
 Freeze                   Ice            0%         1d3       100%        1
 Necrotise                Necr           0%         1d4       100%        1
 Shock                    Conj/Air       0%         1d3       100%        1
 Sting                    Conj/Alch      0%         1d3       100%        1
 Summon Small Mammal      Summ           0%         N/A       100%        1
 Ensorcelled Hibernation  Hex/Ice        0%         N/A       100%        2
 Mercury Vapours          Alch/Air       0%         N/A       100%        2
 Static Discharge         Conj/Air       0%         3-3/arc   100%        2
 Frozen Ramparts          Ice            0%         1d1       100%        3
 Gell's Gravitas          Tloc           0%         N/A       100%        3
 Hailstorm                Conj/Ice       0%         3d5       100%        3
 Ozocubu's Armour         Ice            0%         N/A       100%        3
 Passwall                 Erth           0%         N/A       100%        3
 Swiftness                Air            0%         N/A       100%        3
 Teleport Other           Tloc           0%         N/A       100%        3
 Airstrike                Air            0%         2d(0-16)  100%        4
 Leda's Liquefaction      Alch/Erth      0%         N/A       100%        4
 Olgreb's Toxic Radiance  Alch           0%         N/A       100%        4
 Passage of Golubria      Tloc           0%         N/A       100%        4
 Petrify                  Alch/Erth      0%         N/A       100%        4
 Summon Lightning Spire   Summ/Air       0%         N/A       100%        4
 Alistair's Intoxication  Alch           0%         N/A       100%        5
 Borgnjor's Vile Clutch   Necr/Erth      0%         N/A       100%        5
 Metabolic Englaciation   Hex/Ice        0%         N/A       100%        5
 Silence                  Hex/Air        0%         N/A       100%        5
 Summon Forest            Summ/Tloc      0%         N/A       100%        5
 Summon Mana Viper        Hex/Summ       0%         N/A       100%        5
 Dispersal                Tloc           0%         N/A       100%        6
 Eringya's Noxious Bog    Alch           0%         4d6       100%        6
 Sculpt Simulacrum        Ice/Alch       0%         N/A       100%        6
 Summon Cactus Giant      Summ           0%         N/A       100%        6
 Lehudib's Crystal Spear  Conj/Erth      0%         10d2      100%        8
 Shatter                  Erth           0%         3d5*      100%        9


Dungeon Overview and Level Annotations

Branches:
Dungeon (15/15)            Temple (1/1) D:6            Lair (5/5) D:11
  Snake (4/4) Lair:2        Slime (0/5) Lair:5          Orc (2/2) D:9
    Elf (0/3) Orc:2        Vaults (3/5) D:13         Depths (0/4) D:15
 Bailey (visited)
  Swamp: Lair:2-3    Shoals: Lair:2-3     Crypt: Vaults:2-3

Altars:
Ashenzari
Cheibriados
Dithmenos
Elyvilon
Fedhas
Gozag
Hepliaklqana
Kikubaaqudgha
Makhleb
Nemelex Xobeh
Okawaru
Qazlal
Ru
Sif Muna
Trog
Uskayaw
Vehumet
Wu Jian
Xom
Yredelemnul
Zin
The Shining One
Jiyva

Shops:
D:1 **?[!   D:3 :   D:6 (   Orc:2 =(!?:   Snake:1 [   Vaults:3 ?

Portals:
Pandemonium: Orc:2
Trove: D:11 (give +3 shadow dragon scales)

Annotations:
D:1 GET MONEY, ITEMS!
Temple Think for a good, easy god.
Snake:1 Get shiedl
Vaults:1 Danger right most stairs
Vaults:2 Margery


Innate Abilities, Weirdness & Mutations

You have razor-sharp teeth.
Your natural rate of healing is unusually fast.
When hurt, damage is shared between your health and your magic reserves.
Your bite disrupts and absorbs the magic of your enemies.
Potions cannot restore your health.


Message History

Unknown command.
Okay, then.
Okay, then.
Unknown command.
Magic scrolls do not work when you're silenced!
Unknown command.
Okay, then.
Magic scrolls do not work when you're silenced!
Unknown command.
You slash the vault warden! You burn the vault warden.
You bite the vault warden!
The vault warden's magic leaks into the air.
You drain its magic.
You feel invigorated.
The vault warden is moderately wounded.
You hit the ironbound preserver. You burn the ironbound preserver.
The vault warden falters for a moment.
Unknown command.
Unknown command.
Unknown command.
Magic scrolls do not work when you're silenced!
Unknown command.
Unknown command.
You slash the vault warden! You burn the vault warden.
Your bite misses the vault warden.
The vault warden is heavily wounded.
You slash the ironbound preserver! You burn the ironbound preserver.
The ironbound preserver casts a spell.
The ironbound preserver begins to accept its allies' injuries.
The ironbound convoker points at the vault guard and mumbles some strange words.
The vault guard seems to grow stronger.
Unknown command.
Unknown command.
Magic scrolls do not work when you're silenced!
Unknown command.
Okay, then.
You feel very mighty all of a sudden.
The vault warden hits you with a +3 great sword of distortion!!
* * * LOW HITPOINT WARNING * * *
Space warps horribly around you!!
You die...

#..................
#...p..............
#.p................
#..################
#..# #.p# #..# #pp#
#.@# ###### #.)#
...... #..# ......
#).# ...... #$[#
...... #..# ......
#..' ...... #..#
###### #..#


You could see an ironbound preserver, a vault warden (strong, magic disrupted),
a vault guard (strong, sheltered) and an ironbound convoker (sheltered).

Vanquished Creatures
  Saint Roka (Snake:4)
  Nikola (Vaults:1)
  Zenata (Vaults:1)
  A sphinx (Vaults:1)
  Kirke (D:12)
  Agnes (Snake:2)
  11 nagarajas (Snake:4)
  2 fire giants (D:12)
  Aizul (Snake:1)
  Donald (Snake:4)
  A vault warden (Vaults:3)
  An iron dragon (D:12)
  Louise (Snake:4)
  An orc warlord (Orc:1)
  6 ironbound preservers
  A formless jellyfish (D:13)
  A war gargoyle (Vaults:3)
  3 dire elephants (Vaults:1)
  A fire dragon (Lair:5)
  An entropy weaver (Vaults:1)
  A rakshasa (D:15)
  3 salamander tyrants
  A peacekeeper (D:13)
  A vault guard (Vaults:3)
  2 yaktaur captains (Vaults:1)
  Erolcha (D:11)
  7 hydras
  An ogre mage (D:15)
  2 great orbs of eyes
  3 demonspawn (Orc:2)
  2 ironbound frosthearts (Vaults:3)
  10 two-headed ogres
  14 anacondas
  7 centaur warriors
  3 boulder beetles
  5 death yaks (Lair:5)
  13 naga warriors
  4 tengu warriors
  7 orc high priests
  7 shock serpents
  An occultist (D:15)
  11 naga sharpshooters
  A sun demon (Orc:2)
  2 skysharks
  13 deep trolls
  3 salamander mystics
  A skeletal warrior (D:12)
  4 mana vipers
  4 sea snakes
  6 naga ritualists
  2 deep elf zephyrmancers (D:15)
  10 lindwurms
  3 arcanists
  2 phantasmal warriors (D:12)
  5 ironbound convokers
  7 orc knights
  6 deep elf pyromancers
  3 harpies (Vaults:1)
  19 ugly things
  8 orc sorcerers
  A necromancer (D:15)
  11 salamanders
  2 wolf spiders (Lair:5)
  2 manticores
  4 cyclopes
  3 meliai (D:13)
  A meliai (shapeshifter) (D:15)
  18 elephants
  3 vault sentinels (Vaults:3)
  10 guardian serpents
  15 slime creatures
  10 naga magi
  An orange demon (Orc:2)
  7 torpor snails
  A cane toad (shapeshifter) (D:14)
  A gargoyle (D:13)
  A centaur skeleton (D:15)
  35 black mambas
  3 rime drakes
  14 cane toads
  A kobold demonologist (D:10)
  13 komodo dragons
  An efreet (D:14)
  2 yaktaurs
  A harpy zombie (D:15)
  An ancient zyme (Abyss:2)
  2 red devils (Orc:2)
  3 tengu conjurers (D:15)
  7 trolls
  11 polar bears
  3 tyrant leeches (Lair:5)
  9 hornets
  15 blink frogs
  7 dream sheep (Lair:5)
  4 centaur simulacra
  18 wyverns
  44 yaks
  2 shadows
  A vampire (D:11)
  4 wraiths
  4 starcursed masses (Abyss:2)
  A yak (shapeshifter) (D:15)
  5 basilisks
  A fire bat (shapeshifter) (D:12)
  4 hogs (D:12)
  3 steam dragons
  3 wargs
  Edmund (D:4)
  32 nagas
  2 acid dragons
  22 water moccasins
  A black bear (D:6)
  3 ice beasts
  3 laughing skulls
  8 ogres
  43 orc warriors
  A crocodile (shapeshifter) (D:15)
  5 wolves
  9 centaurs
  A phantom (D:5)
  6 kobold brigands
  8 bullfrogs
  2 scorpions (D:7)
  3 wights (D:9)
  4 killer bees (D:9)
  3 howler monkeys
  8 electric eels
  6 hounds
  22 orc priests
  2 gnoll boudas
  A sleepcap (Temple)
  4 iguanas
  Natasha (thrice) (D:2)
  19 orc wizards
  7 hell rats (Lair:4)
  15 gnolls
  7 adders
  A shadow imp (D:4)
  4 white imps
  3 ufetubi
  2 ribbon worms
  2 dart slugs
  88 orcs
  9 ball pythons
  6 endoplasms
  3 giant cockroaches
  30 goblins
  11 hobgoblins
  4 jackals (D:4)
  5 quokkas
  5 bats
  2 frilled lizards (D:2)
  34 kobolds
  7 rats
1023 creatures vanquished.

Vanquished Creatures (collateral kills)
  A deep troll (D:13)
  Joseph (D:7)
  A water moccasin (D:7)
  2 ufetubi (D:7)
5 creatures vanquished.

Vanquished Creatures (others)
  A black mamba (Snake:4)
  A human (D:12)
  A wight (D:9)
  An orc priest (Orc:2)
4 creatures vanquished.

Grand Total: 1032 creatures vanquished

Notes
Turn   | Place    | Note
-------+----------+-------------------------------------------
     0 | D:1      | Amplified the Vine Stalker Fighter began the quest for the
                  | Orb.
     0 | D:1      | Reached XP level 1. HP: 11/11 MP: 2/2
   282 | D:1      | Found Paje Geik's Distillery.
   312 | D:1      | Found Amaizyc's Magic Scroll Shop.
   394 | D:1      | Found Nodutuf's Antique Armour Boutique.
   457 | D:1      | Reached XP level 2. HP: 16/16 MP: 3/3
   510 | D:1      | Found Bokit's General Store.
   556 | D:1      | Found Ruimeel's Assorted Antiques.
   849 | D:2      | Noticed Natasha
   959 | D:2      | Reached skill level 3 in Shields
   959 | D:2      | Reached XP level 3. HP: 20/20 MP: 4/4
  1036 | D:2      | Killed Natasha
  1137 | D:2      | Reached XP level 4. HP: 24/24 MP: 5/5
  1443 | D:2      | Noticed Natasha
  1468 | D:2      | Killed Natasha
  1578 | D:3      | Found Henoj's Book Boutique.
  1579 | D:3      | Noticed a walking frostbound tome
  1580 | D:3      | Noticed a walking earthen tome
  1626 | D:3      | Found a blossoming altar of Fedhas.
  1787 | D:3      | Reached XP level 5. HP: 28/28 MP: 6/6
  1951 | D:3      | Found a glowing silver altar of Zin.
  1951 | D:3      | Found a glowing golden altar of the Shining One.
  1952 | D:3      | Found a white marble altar of Elyvilon.
  2048 | D:3      | Found a stormy altar of Qazlal.
  2315 | D:4      | Reached XP level 6. HP: 22/33 MP: 4/7
  2480 | D:4      | Reached skill level 4 in Shields
  2593 | D:4      | Found a sacrificial altar of Ru.
  2727 | D:4      | Noticed Edmund
  2741 | D:5      | Entered Level 5 of the Dungeon
  2881 | D:1      | Bought a pair of smoking gloves for 171 gold pieces
  2881 | D:1      | Identified the +2 pair of gloves "Foheacea" {rElec rCorr
                  | Int-3 Slay+4} (You bought it in a shop on level 1 of the
                  | Dungeon)
  2969 | D:2      | Noticed Natasha
  2975 | D:2      | Killed Natasha
  3399 | D:5      | Found an ornate altar of the Wu Jian Council.
  3474 | D:5      | Found an ancient bone altar of Kikubaaqudgha.
  3475 | D:5      | Found a sparkling altar of Nemelex Xobeh.
  3480 | D:5      | Found a hide-covered altar of Uskayaw.
  3481 | D:5      | Found an opulent altar of Gozag.
  3483 | D:5      | Found a shimmering blue altar of Sif Muna.
  3483 | D:5      | Found a snail-covered altar of Cheibriados.
  3486 | D:5      | Found a bloodstained altar of Trog.
  3489 | D:5      | Found a hazy altar of Hepliaklqana.
  3502 | D:5      | Reached XP level 7. HP: 32/38 MP: 6/8
  4318 | D:6      | Reached skill level 5 in Fighting
  4380 | D:6      | Found Plog's Antique Weapon Emporium.
  4440 | D:6      | Reached skill level 5 in Shields
  4575 | D:6      | Gained mutation: You have razor-sharp teeth. [Vine Stalker
                  | growth]
  4575 | D:6      | Reached XP level 8. HP: 39/43 MP: 9/9
  4752 | D:6      | Found a staircase to the Ecumenical Temple.
  4758 | Temple   | Entered the Ecumenical Temple
  4916 | D:4      | Killed Edmund
  4917 | D:4      | Reached skill level 5 in Axes
  4953 | D:3      | Became a worshipper of the Shining One
  5057 | D:1      | Bought a runed kite shield for 135 gold pieces
  5550 | D:7      | Reached skill level 1 in Invocations
  5640 | D:7      | Reached XP level 9. HP: 48/48 MP: 11/11
  5671 | D:7      | Reached skill level 6 in Shields
  5820 | D:7      | Noticed Joseph
  5832 | D:7      | Killed Joseph
  6998 | D:1      | Bought an ichor-stained scale mail for 162 gold pieces
  6998 | D:1      | Identified the +0 scale mail "Roemaum" {Harm} (You bought
                  | it in a shop on level 1 of the Dungeon)
  7187 | D:9      | Reached XP level 10. HP: 34/53 MP: 7/14
  7274 | D:9      | Reached skill level 7 in Shields
  7276 | D:9      | Found a staircase to the Orcish Mines.
  7292 | D:9      | Reached skill level 5 in Armour
  7352 | D:9      | Reached * piety under the Shining One
  7838 | D:10     | Entered Level 10 of the Dungeon
  7839 | D:10     | Noticed a kobold demonologist
  7876 | D:9      | Reached skill level 5 in Invocations
  8122 | D:10     | Found a flagged portal.
  8208 | D:10     | Killed a kobold demonologist
  8292 | Bailey   | Entered a bailey
  8303 | Bailey   | Reached skill level 8 in Shields
  8306 | Bailey   | Reached XP level 11. HP: 60/60 MP: 16/16
  8314 | Bailey   | Noticed an orc knight
  8322 | Bailey   | Killed an orc knight
  8351 | Bailey   | Found an iron altar of Okawaru.
  8695 | D:10     | Reached ** piety under the Shining One
  8702 | D:10     | Identified the staff of Reason {rPois Str+3 Necro Alchemy}
  9037 | D:1      | Bought an embroidered scarf for 144 gold pieces
  9037 | D:1      | Bought a pair of runed boots for 135 gold pieces
  9402 | D:11     | Learned a level 2 spell: Lesser Beckoning
  9430 | D:11     | Found a staircase to the Lair.
  9502 | D:11     | Found a portal to a secret trove of treasure.
  9516 | D:11     | Noticed Erolcha
  9523 | D:11     | Killed Erolcha
  9654 | D:11     | Noticed a manticore
  9659 | D:11     | Killed a manticore
  9660 | D:11     | Reached skill level 9 in Shields
  9697 | D:11     | Noticed Sonja
  9698 | Abyss:2  | Cast into level 2 of the Abyss (Sonja)
  9751 | Abyss:2  | Noticed a starcursed mass
  9757 | Abyss:2  | Killed a starcursed mass
  9758 | Abyss:2  | Killed a starcursed mass
  9760 | Abyss:2  | Noticed a glowing orange brain
  9763 | Abyss:2  | Noticed a shadow wraith
  9764 | Abyss:2  | Noticed a wretched star
  9778 | Abyss:2  | Noticed a tentacled starspawn
  9784 | Abyss:2  | Noticed a large abomination
  9821 | Abyss:2  | Noticed a wretched star
  9837 | Abyss:2  | Noticed a wretched star
  9847 | D:11     | Escaped the Abyss
  9849 | D:11     | Sonja changed into Sonja the water moccasin
  9849 | D:11     | Noticed Sonja
 10068 | D:11     | Killed Sonja the water moccasin
 10558 | D:12     | Noticed a cyclops
 10558 | D:12     | Noticed a skeletal warrior
 10558 | D:12     | Noticed a six-headed hydra
 10558 | D:12     | Noticed a purple ugly thing
 10558 | D:12     | Noticed a six-headed hydra
 10558 | D:12     | Noticed Kirke
 10677 | Orc:1    | Entered Level 1 of the Orcish Mines
 10685 | Orc:1    | Reached XP level 12. HP: 63/66 MP: 15/17
 10890 | Orc:1    | Noticed an orc high priest
 10897 | Orc:1    | Killed an orc high priest
 11256 | Orc:2    | Entered Level 2 of the Orcish Mines
 11270 | Orc:2    | Reached *** piety under the Shining One
 11286 | Orc:2    | Noticed a two-headed ogre
 11286 | Orc:2    | Noticed an orc warlord
 11480 | D:1      | Bought a potion of haste for 130 gold pieces
 11480 | D:1      | Bought a potion of haste for 130 gold pieces
 11480 | D:1      | Bought a potion of might for 52 gold pieces
 11480 | D:1      | Bought a potion of enlightenment for 65 gold pieces
 11530 | D:1      | Bought a potion of mutation for 96 gold pieces
 11530 | D:1      | Bought a scroll of fear for 48 gold pieces
 11530 | D:1      | Bought a scroll of revelation for 90 gold pieces
 11544 | D:1      | Bought a silver wand for 108 gold pieces
 11733 | Lair:1   | Entered Level 1 of the Lair of Beasts
 11798 | Lair:1   | Reached skill level 10 in Fighting
 11798 | Lair:1   | Reached skill level 10 in Shields
 11927 | Lair:1   | Reached skill level 10 in Axes
 12027 | Lair:2   | Noticed a four-headed hydra
 12090 | Lair:1   | Reached XP level 13. HP: 56/72 MP: 15/19
 12602 | Lair:4   | Reached **** piety under the Shining One
 12683 | Lair:5   | Entered Level 5 of the Lair of Beasts
 12683 | Lair:5   | Found a viscous altar of Jiyva.
 12683 | Lair:5   | Found a staircase to the Slime Pits.
 12694 | Lair:5   | Reached skill level 11 in Shields
 12981 | Lair:5   | Noticed a fire dragon
 12994 | Lair:5   | Killed a fire dragon
 13091 | Lair:5   | Reached XP level 14. HP: 44/79 MP: 15/22
 13268 | Lair:5   | Reached skill level 10 in Invocations
 13578 | Lair:5   | Reached skill level 12 in Shields
 13619 | Lair:5   | Got an earthy gem with 1753 turns to spare
 14166 | Lair:3   | Identified the +10 hand axe "Qifa" {flame, rF+ Int+2 Dex+2}
 14591 | Lair:2   | Found a staircase to the Snake Pit.
 14829 | Lair:2   | Reached XP level 15. HP: 80/85 MP: 24/24
 15237 | Orc:1    | Killed an orc warlord
 15376 | Orc:2    | Found a staircase to the Elven Halls.
 15578 | Orc:2    | Found Sashorem's Magic Scroll Boutique.
 15583 | Orc:2    | Found Koiho's Distillery.
 15614 | Orc:2    | Bought a scroll of teleportation for 33 gold pieces
 15614 | Orc:2    | Bought a scroll of teleportation for 33 gold pieces
 15614 | Orc:2    | Bought a scroll of blinking for 82 gold pieces
 15614 | Orc:2    | Bought a scroll of fear for 44 gold pieces
 15614 | Orc:2    | Bought a scroll of summoning for 104 gold pieces
 15624 | Orc:2    | Bought a potion of magic for 112 gold pieces
 15624 | Orc:2    | Bought a potion of might for 56 gold pieces
 15624 | Orc:2    | Bought a potion of mutation for 112 gold pieces
 15624 | Orc:2    | Bought a potion of mutation for 112 gold pieces
 15700 | Orc:2    | Paralysed by an orc sorcerer for 2 turns
 15709 | Orc:2    | Reached skill level 13 in Shields
 15736 | Orc:2    | Found Xakhamid's Jewellery Emporium.
 15736 | Orc:2    | Found a one-way gate leading to the halls of Pandemonium.
 15736 | Orc:2    | Found Qowa's Antique Weapon Shoppe.
 15803 | Orc:2    | Found Wugrodon's Book Boutique.
 16393 | D:12     | Found a blossoming altar of Fedhas.
 17051 | D:13     | You fall into a shaft and drop 2 floors!
 17051 | D:15     | Entered Level 15 of the Dungeon
 17464 | D:15     | Reached XP level 16. HP: 91/91 MP: 26/26
 17621 | D:15     | Got the Essays on Scintillating Minerals
 18029 | D:15     | Found a staircase to the Depths.
 18411 | D:14     | Identified the +1 mace of Anigop {holy, *Slow rPois Int+2
                  | Dex+8}
 18811 | D:14     | Reached skill level 14 in Shields
 19026 | D:13     | Reached ***** piety under the Shining One
 19373 | D:13     | Found a gate to the Vaults.
 19732 | D:12     | Killed Kirke
 19733 | D:12     | Reached skill level 15 in Shields
 19935 | Snake:1  | Entered Level 1 of the Snake Pit
 19996 | Snake:1  | Identified the serpent talisman of Gallantry {+Blink Fly
                  | rElec rCorr}
 19996 | Snake:1  | Noticed Aizul
 20026 | Snake:1  | Killed Aizul
 20231 | Snake:1  | Reached skill level 16 in Shields
 20294 | Snake:1  | Found Zoasuol's Antique Armour Boutique.
 20422 | Snake:1  | Reached XP level 17. HP: 71/96 MP: 27/27
 20850 | Snake:2  | Noticed Agnes
 20859 | Snake:2  | Killed Agnes
 20925 | Snake:3  | Reached skill level 17 in Shields
 21021 | Snake:4  | Entered Level 4 of the Snake Pit
 21062 | Snake:4  | Noticed Donald
 21098 | Snake:4  | Killed Donald
 21261 | Snake:4  | Noticed Saint Roka
 21275 | Snake:4  | Killed Saint Roka
 21742 | Snake:4  | Reached XP level 18. HP: 45/102 MP: 28/28
 21755 | Snake:4  | Noticed Louise
 21765 | Snake:4  | Killed Louise
 21983 | Snake:4  | Reached skill level 15 in Fighting
 22013 | Snake:4  | Reached skill level 15 in Axes
 22123 | Snake:4  | Got a jade gem with 355 turns to spare
 22133 | Snake:4  | Got a serpentine rune of Zot
 22509 | Vaults:1 | Entered Level 1 of the Vaults
 22690 | Vaults:1 | Noticed Zenata
 22710 | Vaults:1 | Killed Zenata
 22938 | Vaults:1 | Identified the +1 dire flail of Hiucwesch {freeze, rPois
                  | Str+2 Int+3}
 23029 | Vaults:1 | Identified a scroll of acquirement
 23077 | Vaults:1 | Noticed Nikola
 23093 | Vaults:1 | Killed Nikola
 23459 | Vaults:1 | Identified the +9 rapier of the Supporting Gods {venom,
                  | Str+2 Dex+4}
 23845 | Vaults:2 | Noticed Margery
 23845 | Vaults:2 | Noticed a hellephant
 24223 | Vaults:3 | Reached XP level 19. HP: 110/111 MP: 29/29
 24248 | Vaults:3 | Reached skill level 1 in Dodging
 24365 | Vaults:3 | Found Bedenigi's Magic Scroll Shoppe.
 24391 | Vaults:3 | Bought a scroll of enchant armour for 112 gold pieces
 24500 | Vaults:3 | The Shining One protects you from harm!
 24506 | Vaults:3 | HP: 2/111 [vault warden/+3 great sword of distortion (13)]
 24506 | Vaults:3 | Demolished by a vault warden

Illustrated notes

Levels and vault maps discovered:
D:1:      lemuel_arrival_muddy, layout_loops_corners, serial_shops,
          nicolae_shop_real_fake_doors, shop, shop, nicolae_shop_stone,
          nicolae_shop_industrial_runoff
D:2:      layout_basic, kennysheep_pointless_box, serial_park_tiny_2,
          uniq_natasha
D:3:      layout_basic, good_gods_temple_1, nicolae_qazlal_scattered_showers,
          mainiacjoe_overflow_six_doors_small, serial_shops,
          nicolae_shop_mannequins
D:4:      layout_cave_pools, nicolae_ru_awakened_eye, serial_demonic,
          serial_demonic_f, serial_demonic_e, serial_demonic_f,
          serial_demonic_c, chequers_serial_rivers_small_3, uniq_edmund
D:5:      layout_cave_pods, nicolae_wu_jian_wuxing_cycle,
          nicolae_overflow_hallway_of_the_gods, minmay_ogre_servants
D:6:      layout_layer_cave, minmay_temple_entry_ruins, serial_shops, shop
D:7:      corexii_shantytown, layout_cave_pools, uniq_joseph
D:8:      layout_basic, minmay_misc_feat_pillars
D:9:      layout_loops_ring, minmay_orc_entry_temple_small
D:10:     layout_rooms, enter_bailey_4, serial_ice, serial_ice_d, serial_ice_o,
          serial_ice_m, serial_ice_b, serial_ice_k
D:11:     layout_grid_maze, erik_lair_island, enter_trove_2, uniq_sonja,
          uniq_erolcha
D:12:     minmay_connected_triangles_in_corner, layout_long_grid,
          fedhas_altar_2, uniq_kirke
D:13:     layout_loops_cross, skrybe_vaults_entry_preservation
D:14:     layout_loops_cross, minmay_misc_feat_tiny
D:15:     grunt_enter_depths_magical_seal, layout_layer_cave
Temple:   nicolae_temple_great_sept
Lair:1:   layout_long_grid
Lair:2:   layout_cave_pods, mainiacjoe_swamp_entry_angry_trees,
          dummy_snake_entry, beast_lair_carwin_9
Lair:3:   layout_roguey, serial_bayou_pond_d, grunt_megastairs_5,
          infiniplex_staircase_pool
Lair:4:   layout_loops_ring
Lair:5:   wormcave, layout_regular_city, hangedman_lair_tendril_chambers,
          slime_entry_1, st_stairs_13, lemuel_fruit_tree
Snake:1:  layout_basic, serial_shops, shop, uniq_aizul
Snake:2:  layout_onion, st_stairs_13, nicolae_zig_zag_zippers,
          serial_bayou_shore_a, minmay_shop_star, uniq_agnes
Snake:3:  layout_cave_town, grunt_megastairs_1
Snake:4:  grunt_snake_rune_serpentine_throne, layout_basic, serial_bayou_ford_a,
          serial_bayou_shore_b, serial_bayou_shore_b, uniq_louise,
          uniq_saint_roka, uniq_donald
Orc:1:    layout_diamond_mine
Orc:2:    pf_orc_diabolical, layout_caves, serial_shops,
          nicolae_shop_behind_doors, statue_in_the_mist_lemuel
Vaults:1: vaults_mumra_chevron, nicolae_vaults_diamond_1,
          nicolae_vaults_mitosis, nicolae_vaults_antechamber_and_loot_room,
          grunt_vaults_funnel, ontoclasm_vaults_chip,
          layout_vaults_chaotic_city, uniq_nikola, uniq_zenata
Vaults:2: vaults_room_octagon, nicolae_vaults_wine_cellar,
          minmay_crypt_entry_simple_statues, st_hourglassy,
          nicolae_vaults_trapezoid_lopsided_2, nicolae_vaults_double_plus_3,
          nicolae_vaults_trapezoid_lopsided_3, v_alt_pattern_1,
          nicolae_vaults_specimen_jars, layout_vaults_omnicross, uniq_margery,
          uniq_boris
Vaults:3: nicolae_vaults_storage_closets_1,
          nicolae_vaults_windows_and_doors_thing, nicolae_vaults_shelves_hall,
          nicolae_vaults_enemy_cabinets, hangedman_vaults_capsules,
          layout_vaults_quadrants, serial_shops, shop

Skill      XL: |  1  2  3  4  5  6  7  8  9 10 11 12 13 14 15 16 17 18 19 |
---------------+----------------------------------------------------------+-----
Axes           | 2 3 4 5 6 7 9 10 11 12 13 14 16 | 16.3
Fighting       | 3 4 5 6 8 9 10 11 12 13 14 16 | 16.5
Shields        | 3 4 5 6 8 9 10 11 12 13 16 17 | 17.4
Armour         | 3 4 5 6 |  6.7
Invocations    | 2 4 5 7 9 11 12 13 | 13.1
Dodging        | 2 |  2.0

Action                     |  1- 3 |  4- 6 |  7- 9 | 10-12 | 13-15 | 16-18 | 19-21 || total
---------------------------+-------+-------+-------+-------+-------+-------+-------++-------
  Melee: War axe           |     7 |       |     9 |   309 |   105 |       |       ||   430
         Bite              |    15 |    40 |    92 |    99 |   472 |   488 |    50 ||  1256
         Dagger            |    42 |   190 |   256 |       |   462 |       |       ||   950
         Hand axe          |       |       |       |       |   327 |   931 |    74 ||  1332
  Throw: Dart              |       |       |       |     2 |     2 |     6 |     1 ||    11
 Invoke: Divine Shield     |       |       |       |     8 |    23 |    22 |       ||    53
         Cleansing Flame   |       |       |       |       |    13 |    38 |     1 ||    52
  Evoke: Wand              |       |       |    18 |    19 |     9 |     8 |       ||    54
         Phantom mirror    |       |       |       |       |       |     1 |       ||     1
    Use: Scroll            |     2 |     9 |    13 |     8 |     7 |    10 |     2 ||    51
         Potion            |     1 |     3 |     3 |     8 |     5 |     8 |     1 ||    29
 Armour: Scale mail        |    21 |   108 |   189 |   242 |   512 |   176 |       ||  1248
         Skin              |       |    14 |     7 |       |       |       |       ||    21
         Plate armour      |       |       |       |       |       |   313 |    31 ||   344
  Dodge: Dodged            |    15 |    81 |   102 |   169 |   263 |   162 |    11 ||   803
  Block: Buckler           |    15 |    32 |    19 |       |       |       |       ||    66
         Kite shield       |       |       |    92 |   336 |  1046 |   933 |    51 ||  2458

Table legend: (Time is in decaauts)
 A = Elapsed time spent in this place.
 B = Non-inter-level travel time spent in this place.
 C = Inter-level travel time spent in this place.
 D = Time resting spent in this place.
 E = Time spent auto-exploring this place.
 F = Levels seen in this place.
 G = Mean time per level.
                   A        B        C        D        E       F      G
               +--------+--------+--------+--------+--------+-----+--------+
         Total |  24552 |  20979 |   3573 |    576 |  10062 |  32 |  767.2 |
       Dungeon |  14789 |  12103 |   2686 |    408 |   7963 |  15 |  985.9 |
        Temple |     49 |     38 |     11 |      0 |      0 |   1 |   49.0 |
          Lair |   3608 |   3181 |    427 |     34 |      0 |   5 |  721.6 |
     Snake Pit |   2245 |   2106 |    139 |     29 |     24 |   4 |  561.2 |
  Orcish Mines |   1683 |   1437 |    246 |     11 |    887 |   2 |  841.5 |
        Vaults |   1816 |   1754 |     62 |     93 |   1120 |   3 |  605.3 |
         Abyss |    163 |    163 |      0 |      0 |      0 |   1 |  163.0 |
        Bailey |    197 |    197 |      0 |      0 |     68 |   1 |  197.0 |
               +--------+--------+--------+--------+--------+-----+--------+

Top non-repeatable levels by time:
    D:11: 1494 daAuts
     D:1: 1387 daAuts
  Lair:5: 1302 daAuts
Vaults:1: 1244 daAuts
    D:15: 1173 daAuts
     D:9: 1158 daAuts
     D:5: 1145 daAuts
 Snake:4: 1086 daAuts
     D:7: 1032 daAuts
     D:2: 1014 daAuts
     D:3: 914 daAuts
   Orc:2: 880 daAuts
     D:4: 860 daAuts
     D:6: 859 daAuts
    D:10: 858 daAuts
